 Dungeon Crawl Stone Soup version 0.26.0-16-gc1dbca0489 (webtiles) character file.

Game seed: 1070906448168519028

89 EnegeticOcto the Magician (level 4, -1/25 HPs)
             Began as a Deep Elf Transmuter on Jan 18, 2021.
             Slain by Pikel
             ... wielding a +2 whip of flaming
              (2 damage)
             ... on level 4 of the Dungeon.
             The game lasted 00:08:24 (4043 turns).

EnegeticOcto the Magician (Deep Elf Transmuter)     Turns: 4043, Time: 00:08:25

Health: -1/25      AC:  4    Str:  7    XL:     4   Next: 31%
Magic:  9/10       EV: 13    Int: 19    God:
Gold:   172        SH:  0    Dex: 15    Spells: 5/9 levels left

rFire    . . .     SeeInvis .   h - +0 hunting sling
rCold    . . .     Faith    .   (no shield)
rNeg     . . .     Spirit   .   a - +0 robe
rPois    .         Reflect  .   (no helmet)
rElec    .         Harm     .   j - +1 cloak
rCorr    .         Rampage  .   (no gloves)
Will     .....                  (no boots)
Stlth    ++........             (no amulet)
HPRegen  0.08/turn              (no ring)
MPRegen  0.12/turn              (no ring)

@: hasted, very quick
A: no striking features
a: no special abilities


You were on level 4 of the Dungeon.
You visited 1 branch of the dungeon, and saw 4 of its levels.

You collected 172 gold pieces.

Inventory:

Hand Weapons
 h - a +0 hunting sling (weapon)
   (You took it off a kobold on level 2 of the Dungeon)
Missiles
 b - 88 stones (quivered ammo)
Armour
 a - a +0 robe (worn)
 j - a +1 cloak (worn)
   (You found it on level 3 of the Dungeon)
Scrolls
 c - 5 scrolls of remove curse {@r2}
 d - 2 scrolls of identify {@r1}
Potions
 e - 2 potions of resistance {unknown}
 f - a potion of might {@q3 !q}


   Skills:
 - Level 1.6 Fighting
 - Level 2.4 Dodging
 - Level 3.0 Stealth
 - Level 2.4 Unarmed Combat
 - Level 3.0 Spellcasting
 - Level 2.1 Transmutations
 + Level 2.8 Poison Magic


You had 5 spell levels left.
You knew the following spells:

 Your Spells              Type           Power        Failure   Level
b - Spider Form           Tmut/Pois      6%           16%         3
c - Beastly Appendage     Tmut           22%          6%          1

Your spell library contained the following spells:

 Spells                   Type           Power        Failure   Level
 Wereblood                Tmut           11%          10%         2
 Ice Form                 Ice/Tmut       7%           67%         4
 Blade Hands              Tmut           5%           86%         5


Dungeon Overview and Level Annotations

Branches:
Dungeon (4/15)
 Temple: D:4-7

Altars:

Shops:
D:4 :

Annotations:
D:3 exclusions: adder, iguana, orc priest and 1 more exclusion, Grinder
D:4 Pikel


Message History

Your horns disappear.
Your talons disappear.
You turn into a venomous arachnid creature.
Your +0 hunting sling melds into your body.
Your +0 cloak melds into your body.
Your +0 robe melds into your body.
The adder misses you. The adder bites you.
You are poisoned.
The adder poisons you!
You hit the adder.
The adder is poisoned.
The adder is almost dead.
You feel sick. The adder bites you.
You feel sick.
You kill the adder!
You feel sick.
You feel sick.
There is a stone staircase leading up here.
You start resting.
You feel sick. x4
Your transformation is almost over.
You feel sick.
You start resting.
You feel sick. x3
Your transformation has ended.
Your +0 hunting sling unmelds from your body.
Your +0 cloak unmelds from your body.
Your +0 robe unmelds from your body.
You start resting.
You feel sick. x2
Magic restored.
You feel sick.
You are no longer poisoned.
You start resting.
HP restored.
b - 84 stones (gained 2)
You see here a quokka skeleton.
b - 85 stones (gained 1)
b - 86 stones (gained 1)
b - 87 stones (gained 1)
b - 88 stones (gained 1)
b - 91 stones (gained 3)
You now have 172 gold pieces (gained 11).
You see here a chain mail.
There is a stone staircase leading up here.
Found a chain mail.
e - 2 fizzy white potions A lemure comes into view.
The lemure shouts!
You hear a shout!
The lemure moves out of view.
Pikel the Slaver comes into view.
He is wielding a +2 whip of flaming.
You shoot a stone.
Pikel shouts!
The stone hits Pikel.
Pikel is lightly wounded.
A lemure comes into view. x3
You shoot a stone. The stone misses Pikel.
The stone hits the lemure but does no damage.
You shoot a stone. The stone hits Pikel.
Pikel is lightly wounded.
Casting: Spider Form (quite dangerous; 16% risk of failure)
Confirm with . or Enter, or press ? or * to list all spells.
The spell is quite dangerous to cast (16% risk of failure)!
Continue anyway?
Okay, then.
Casting: Spider Form (quite dangerous; 16% risk of failure)
Confirm with . or Enter, or press ? or * to list all spells.
The spell is quite dangerous to cast (16% risk of failure)!
Continue anyway?
You turn into a venomous arachnid creature.
Your +0 hunting sling melds into your body.
Your +0 cloak melds into your body.
Your +0 robe melds into your body.
Found a stone staircase leading down.
You barely miss the lemure. The lemure completely misses you.
You barely miss the lemure. The lemure misses you.
You hit the lemure.
The lemure is poisoned.
The lemure is lightly wounded.
The lemure barely misses you.
You hit the lemure but do no damage.
The lemure is lightly wounded.
The lemure hits you.
Pikel says, "You'll freeze in Cocytus!"
Found Gulostij's Book Shop.
The lemure closely misses you.
Your transformation is almost over.
Pikel says, "You'll feel the lick of my whip!"
The lemure hits you.
The lemure looks more healthy.
Pikel hits you with a +2 whip of flaming!
Pikel burns you.
* * * LOW HITPOINT WARNING * * *
There is an entrance to Gulostij's Book Shop here.
Okay, then.
Okay, then.
Really quaff
g - a potion of haste {@q4 !q}?
You feel yourself speed up.
Your transformation has ended.
Your +0 hunting sling unmelds from your body.
Your +0 cloak unmelds from your body.
Your +0 robe unmelds from your body.
The lemure misses you.
As you read the scroll labelled AVUF OQYING, it crumbles to dust.
It is a scroll of enchant armour.
Your +0 cloak glows green for a moment.
Pikel hits you with a +2 whip of flaming!
* * * LOW HITPOINT WARNING * * *
Pikel burns you.
You die...

### ## ####.### #.#
####......#
#.##....55@..#
#......5.K...#
########....∩......#
#....# ##....5.....#
.....## #.....>....#
......# #..........#
......# #..........#
......###.#......(##
.......##.........#


You could see Pikel and 4 lemures.

Vanquished Creatures
  2 adders
  2 worms
  2 dart slugs (D:1)
  2 leopard geckos (D:1)
  8 bats
  7 giant cockroaches
  8 goblins
  5 hobgoblins
  2 quokkas
  A ball python (D:1)
  4 frilled lizards
  11 kobolds
  A quokka skeleton (D:3)
  6 rats
61 creatures vanquished.

Notes
Turn   | Place    | Note
-------+----------+-------------------------------------------
     0 | D:1      | EnegeticOcto the Deep Elf Transmuter began the quest for
                  | the Orb.
     0 | D:1      | Reached XP level 1. HP: 11/11 MP: 6/6
    22 | D:1      | Reached skill level 1 in Stealth
    79 | D:1      | Reached skill level 2 in Stealth
   290 | D:1      | Reached XP level 2. HP: 16/16 MP: 8/8
   401 | D:1      | Reached skill level 3 in Stealth
   536 | D:1      | Reached skill level 1 in Fighting
  1134 | D:2      | Reached XP level 3. HP: 18/20 MP: 7/9
  1145 | D:2      | Learned a level 3 spell: Spider Form
  1939 | D:2      | Reached skill level 1 in Poison Magic
  2785 | D:3      | Reached skill level 2 in Poison Magic
  3160 | D:3      | Reached XP level 4. HP: 25/25 MP: 10/10
  3660 | D:3      | Noticed Grinder
  4013 | D:4      | Noticed a lemure
  4014 | D:4      | Noticed Pikel
  4014 | D:4      | Noticed a lemure
  4014 | D:4      | Noticed a lemure
  4014 | D:4      | Noticed a lemure
  4027 | D:4      | Found Gulostij's Book Shop.
  4043 | D:4      | HP: 1/25 [Pikel/+2 whip of flaming (7)]
  4043 | D:4      | Slain by Pikel

Illustrated notes

Levels and vault maps discovered:
D:1:      saegor_arrival_simple_b, layout_rooms, minivault_19, interstate_on_off
D:2:      layout_basic, minmay_misc_feat_secret_circle
D:3:      layout_loops_corners, amethyst_overflow_temple_binary, uniq_grinder
D:4:      layout_cave_pods, minmay_temple_entry_offerings, serial_column_ruins,
          column_ruins_hut_pillars, column_ruins_corridor_straight,
          column_ruins_grid_1, column_ruins_columns_dead_end,
          column_ruins_open_tiny, column_ruins_columns_corner,
          column_ruins_open_tiny, column_ruins_columns_dead_end, serial_shops,
          shop, uniq_pikel

Skill      XL: |  1  2  3 |
---------------+----------+-----
Stealth        | 2 3 |  3.0
Fighting       | 1 |  1.6
Poison Magic   | 2 |  2.8
Dodging        | |  2.4
Unarmed Combat | |  2.4
Spellcasting   | |  3.0
Transmutations | |  2.1

Action                   |  1- 3 |  4- 6 || total
-------------------------+-------+-------++-------
Melee: Unarmed           |   132 |     5 ||   137
       Kick              |    31 |       ||    31
       Headbutt          |    15 |       ||    15
 Fire: Hunting sling     |    22 |    52 ||    74
Throw: Stone             |    23 |       ||    23
 Cast: Beastly Appendage |    35 |     1 ||    36
       Spider Form       |     1 |     2 ||     3
  Use: Scroll            |     5 |     2 ||     7
       Potion            |     2 |     1 ||     3
 Stab: Sleeping          |     5 |       ||     5
Armor: Robe              |    17 |     5 ||    22
       Skin              |     4 |       ||     4
Dodge: Dodged            |    71 |    20 ||    91
